Map: Newkirk Precinct TE (Void)

Players

Fropez

  • Race: Protoss Protoss
  • League: Gold
  • Spawn Location: 5:00

Ignith - Winner!

  • Race: Protoss Protoss
  • League: Platinum
  • Spawn Location: 7:00

VOD

Have the link to the VOD?

Description

Time

  • Played on: Jan. 19, 2017, 6:27 p.m.
  • Length: 4:36
Show
View Real Time Build Order
Export as new Build Order

Fropez Protoss 

Build Orders: 1 Gate Expand 

Get SALT Encoding   

  12  0:01  Probe (Chrono Boost)  
  13  0:11  Probe (Chrono Boost)  
  14  0:19  Pylon  
  14  0:24  Probe (Chrono Boost)  
  15  0:37  Probe (Chrono Boost)  
  15  0:40  Gateway  
  16  0:45  Assimilator  
  16  0:53  Probe (Chrono Boost)  
  17  1:04  Probe (Chrono Boost)  
  18  1:14  Probe (Chrono Boost)  
  19  1:20  Assimilator  
  20  1:32  Nexus  
  19  1:36  Probe (Chrono Boost)  
  21  1:47  Probe (Chrono Boost)  
  21  1:57  Probe (Chrono Boost)  
  22  2:05  Cybernetics Core  
  22  2:08  Pylon, Probe (Chrono Boost)  
  23  2:17  Pylon  
  23  2:27  Probe (Chrono Boost)  
  23  2:29  Gateway  
  24  2:41  Gateway  
  25  2:44  Probe (Chrono Boost)  
  25  2:47  Mothership Core (Chrono Boost)  
  28  2:58  Probe (Chrono Boost)  
  28  3:02  Pylon  
  28  3:11  Probe (Chrono Boost)  
  30  3:13  Probe (Chrono Boost)  
  30  3:22  Probe (Chrono Boost)  
  30  3:25  Assimilator  
  30  3:26  Adept  
  33  3:28  Adept  
  33  3:33  Probe (Chrono Boost)  
  36  3:38  Probe (Chrono Boost)  
  37  3:44  Gateway  
  37  3:45  Probe (Chrono Boost)  
  37  3:48  Adept  
  40  3:50  Probe (Chrono Boost)  
  41  3:57  Probe (Chrono Boost)  
  42  4:05  Probe (Chrono Boost), Robotics Facility  
  42  4:09  Probe (Chrono Boost)  
  44  4:15  Probe (Chrono Boost)  
  47  4:21  Probe (Chrono Boost)  
  50  4:25  Assimilator  
  50  4:31  Pylon  
Show
View Real Time Build Order
Export as new Build Order

Ignith Protoss - Winner!

Build Orders:  

Get SALT Encoding   

  12  0:01  Probe (Chrono Boost)  
  13  0:11  Probe (Chrono Boost)  
  14  0:19  Pylon  
  14  0:22  Probe (Chrono Boost)  
  15  0:37  Probe (Chrono Boost)  
  15  0:39  Gateway  
  16  0:47  Probe (Chrono Boost)  
  16  0:48  Assimilator  
  17  0:58  Probe (Chrono Boost)  
  18  1:08  Probe (Chrono Boost)  
  19  1:11  Assimilator  
  19  1:19  Probe (Chrono Boost)  
  19  1:20  Gateway  
  20  1:29  Probe (Chrono Boost)  
  21  1:34  Cybernetics Core  
  21  1:42  Probe (Chrono Boost)  
  22  1:50  Pylon  
  22  2:03  Warp Gate  
  22  2:10  Stalker  
  22  2:11  Stalker  
  26  2:27  Robotics Facility  
  26  2:40  Stalker x2  
  30  2:47  Pylon  
  30  3:10  Stalker x2  
  34  3:14  Immortal  
  38  3:32  Pylon  
  38  3:48  Warp Prism  
  40  4:13  Nexus  
Tags
 
Add a new tag
Caveats
  • Supply blocks, unpowered buildings, or Contaminate may cause inaccurate times.
  • Supply counts are checked every 10 seconds.